 Dungeon Crawl Stone Soup version 0.29-a0-380-gf50f0a9fbc (webtiles) character file.

Game seed: 17649472300855234125

77 jiml777 the Covered (level 4, -5/29 HPs)
             Began as a Gargoyle Fighter on May 5, 2022.
             Slain by a worm (9 damage)
             ... on level 2 of the Dungeon.
             The game lasted 00:07:10 (1634 turns).

jiml777 the Covered (Gargoyle Fighter)              Turns: 1634, Time: 00:07:11

Health: -5/29      AC: 14    Str: 22    XL:     4   Next: 33%
Magic:  4/4        EV:  7    Int:  8    God:
Gold:   183        SH:  4    Dex:  9    Spells: 3/3 levels left

rFire   . . .      SeeInvis .   a - +0 war axe
rCold   . . .      Faith    .   c - +0 buckler
rNeg    + + .      Spirit   .   l - +0 chain mail {rN+}
rPois   ∞          Reflect  .   q - +0 helmet
rElec   +          Harm     .   (no cloak)
rCorr   .          Rampage  .   (no gloves)
Will    .....                   (no boots)
Stlth   ..........              (no amulet)
HPRegen 0.09/turn               (no ring)
MPRegen 0.09/turn               (no ring)

@: mighty
A: sickness immunity, AC +3, negative energy resistance 1, electricity
resistance, torment resistance 1, petrification resistance
a: no special abilities


You were on level 2 of the Dungeon.
You visited 1 branch of the dungeon, and saw 3 of its levels.

You collected 183 gold pieces.

Inventory:

Hand Weapons
 a - a +0 war axe (weapon)
Missiles
 i - 9 poisoned darts (quivered)
 k - 20 stones
Armour
 b - a +0 scale mail
 c - a +0 buckler (worn)
 l - a +0 chain mail of positive energy (worn)
 q - a +0 helmet (worn)
Scrolls
 e - a scroll of identify {unknown}
 g - a scroll of enchant weapon {unknown}
 j - a scroll of teleportation {unknown}
 n - a scroll of poison {unknown}
 o - 3 scrolls of brand weapon {unknown}
 p - a scroll of vulnerability {unknown}
 s - a scroll of summoning {unknown}
Potions
 f - a potion of brilliance {unknown}
 h - 2 potions of heal wounds {unknown}
 m - a potion of curing {unknown}
 r - a potion of mutation {unknown}


   Skills:
 + Level 3.6 Fighting
 + Level 2.9 Axes
 + Level 3.8 Armour
 + Level 0.5 Dodging
 + Level 3.7 Shields


You had 3 spell levels left.
You didn't know any spells.
Your spell library was empty.

Dungeon Overview and Level Annotations

Branches:
Dungeon (3/15)

Altars:


Innate Abilities, Weirdness & Mutations

You are immune to sickness and miasma.
Your stone body is resilient. (AC +3)
You are immune to poison.
You resist negative energy. (rN+)
You are resistant to electric shocks. (rElec)
You are resistant to unholy torment.
You are immune to petrification.


Message History

You hit the orc but do no damage.
The orc is heavily wounded.
You closely miss the rat. The rat bites you but does no damage.
A hobgoblin comes into view.
The orc hits you but does no damage.
You hit the orc.
The orc is severely wounded.
You hit the orc. You barely miss the rat. The rat bites you.
The orc closely misses you. The orc barely misses you.
The orc attacks as you move away! The orc hits you but does no damage.
The rat bites you but does no damage. The worm bites you.
There is a stone staircase leading up here.
There are monsters nearby!
There are monsters nearby!
The rat bites you but does no damage. The orc hits you but does no damage. x2
The worm bites you but does no damage.
You climb upwards.
There is a stone staircase leading down here.
The rat bites you. The orc hits you but does no damage. x2
The rat bites you but does no damage. The orc hits you with a +0 flail.
The orc hits you but does no damage. The worm bites you but does no damage.
The rat bites you but does no damage. The orc closely misses you. x2
The rat barely misses you. You block the orc's attack. x2
The worm bites you but does no damage. The rat barely misses you.
The orc hits you but does no damage. x2
The worm bites you! You block the rat's attack.
The orc hits you with a +0 flail.
* * * LOW HITPOINT WARNING * * *
The orc hits you but does no damage. The rat bites you but does no damage.
The orc hits you but does no damage. You block the orc's attack.
The worm bites you but does no damage. You block the rat's attack.
The orc barely misses you. x2
The rat bites you but does no damage. The orc hits you but does no damage.
You block the orc's attack. The worm bites you.
* * * LOW HITPOINT WARNING * * *
You feel very mighty all of a sudden. The rat bites you.
* * * LOW HITPOINT WARNING * * *
The orc hits you but does no damage. x2; The worm bites you!
You die...

.#####..#............##.#.###.##.
.##.......#.....#.##.##.......##.
.##.##..###..####.##.###########.
.##.##.......(....##.# ##.
.......#############.#### #..
#.#.##.#############....# #..
#.#.##.##.........#####.# #..
#.#....##.......#r# #.# #####..
#.###..##......w@o# ##.###......
#.###..##.......#o# #...........
#......##.......#.####..###......
#####.###...............# ###.#..
###.###.........#####.## #.#..
#.....###.#####.####...# #.#..
##.....###..............# #.#..
#......#...######.###...# #.##.
#............# #.####### #....


You could see a worm, 2 orcs and a rat.

Vanquished Creatures
  A gnoll (D:2)
  3 adders (D:2)
  2 dart slugs (D:1)
  An orc (D:3)
  4 bats
  4 endoplasms
  A giant cockroach (D:1)
  8 hobgoblins
  2 jackals (D:2)
  2 quokkas (D:1)
  A ball python (D:2)
  3 frilled lizards
  4 rats
36 creatures vanquished.

Notes
Turn   | Place    | Note
-------+----------+-------------------------------------------
     0 | D:1      | jiml777 the Gargoyle Fighter began the quest for the Orb.
     0 | D:1      | Reached XP level 1. HP: 14/14 MP: 1/1
   231 | D:1      | Reached XP level 2. HP: 19/19 MP: 2/2
   266 | D:1      | Found a faded altar of an unknown god.
   879 | D:1      | Reached XP level 3. HP: 23/23 MP: 3/3
  1428 | D:2      | Reached XP level 4. HP: 28/29 MP: 4/4
  1634 | D:2      | Slain by a worm

Illustrated notes

Levels and vault maps discovered:
D:1:      beargit_arrival_diablo_church, layout_basic,
          chequers_ecumenical_altar_island
D:2:      layout_loops_cross, cheibrodos_gnoll_hut
D:3:      layout_rooms, mainiacjoe_overflow_surrounded_room

Skill      XL: |  1  2 |
---------------+-------+-----
Axes           | 2 |  2.9
Fighting       | |  3.6
Armour         | |  3.8
Dodging        | |  0.5
Shields        | |  3.7

Action                   |  1- 3 |  4- 6 || total
-------------------------+-------+-------++-------
Melee: War axe           |   108 |    11 ||   119
  Use: Potion            |       |     1 ||     1
Armor: Scale mail        |    41 |       ||    41
       Chain mail        |    26 |    30 ||    56
Dodge: Dodged            |    46 |    12 ||    58
Block: Buckler           |    21 |     6 ||    27

Table legend: (Time is in decaauts)
 A = Elapsed time spent in this place.
 B = Non-inter-level travel time spent in this place.
 C = Inter-level travel time spent in this place.
 D = Time resting spent in this place.
 E = Time spent auto-exploring this place.
 F = Levels seen in this place.
 G = Mean time per level.
                   A        B        C        D        E       F      G
               +--------+--------+--------+--------+--------+-----+--------+
         Total |   1688 |   1657 |     31 |    211 |    826 |   3 |  562.7 |
       Dungeon |   1688 |   1657 |     31 |    211 |    826 |   3 |  562.7 |
               +--------+--------+--------+--------+--------+-----+--------+

Top non-repeatable levels by time:
     D:1: 959 daAuts
     D:2: 718 daAuts
     D:3: 10 daAuts
